APP
BLUEFIELD BLUE JAYS @ SEATTLE (APP) MARINERS
10/02/2049
 
TOP OF THE 1ST
Bluefield Blue Jays batting - Pitching for Seattle (APP) Mariners : LHP Mike Roberts
Pitching: LHP Mike Roberts
Batting: RHB Jake Bronner 0-0: Ball
1-0: Ball
2-0: Bunt missed!
2-1: Foul Ball, location: 2F
2-2: Hit by Pitch
Batting: RHB Mark Noftall 0-0: Ball
1-0: Ball
2-0: Fielders Choice at 2nd, 4-6 (Groundball, 34D, EV 80.6 MPH)
Batting: RHB Norm Mercer 0-0: SINGLE (Groundball, 34S, EV 87.5 MPH) (infield hit)
Mark Noftall to second
Batting: RHB Chad Colyer 0-0: Swinging Strike
0-1: Swinging Strike
0-2: Foul Ball, location: 2F
0-2: Ball
1-2: Ball
2-2: Ball
3-2: SINGLE (Groundball, 56D, EV 103.1 MPH)
Mark Noftall to third
Norm Mercer to second
Batting: RHB Shunsuke Shiba Inu 0-0: Ball
1-0: Ball
2-0: Foul Ball, location: 2F
2-1: Foul Ball, location: 2F
2-2: Foul Ball, location: 2F
2-2: SINGLE (Groundball, 6MD, EV 110.0 MPH)
Mark Noftall scores
Norm Mercer to third
Chad Colyer to second
Batting: RHB Carlos Murillo 0-0: Ball
Wild Pitch!
Norm Mercer scores
Chad Colyer to third
Shunsuke Shiba Inu to second
1-0: Swinging Strike
1-1: Ball
2-1: DOUBLE (Line Drive, 78XD, EV 100.6 MPH)
Chad Colyer scores
Shunsuke Shiba Inu scores
Batting: RHB Benedikt Fleischmann 0-0: Foul Ball, location: 2F
0-1: Swinging Strike
0-2: Ball
1-2: Strikes out swinging
Batting: LHB Jessie Stewart 0-0: Called Strike
0-1: Ball
1-1: Ball
2-1: SINGLE (Line Drive, 4MD, EV 97.5 MPH)
Carlos Murillo to third
Runner from 3rd tries for Home, SAFE, throw by CF to home
Batting: RHB Cedric Nicholls 0-0: Called Strike
0-1: Called Strike
0-2: Foul Ball, location: 2F
0-2: Ball
1-2: Ball
2-2: Ball
3-2: Base on Balls
Jessie Stewart to second
Pitching: RHP Jayden Ross
Batting: RHB Jake Bronner 0-0: Ball
1-0: Swinging Strike
1-1: Ball
2-1: Fielders Choice at 2nd, 6-4 (Groundball, 56, EV 83.8 MPH)
Top of the 1st over - 5 runs, 5 hits, 0 errors, 2 left on base; Bluefield 5 - Seattle (APP) 0
BOTTOM OF THE 1ST
Seattle (APP) Mariners batting - Pitching for Bluefield Blue Jays : LHP Zhu Chai
Pitching: LHP Zhu Chai
Batting: RHB Carlton McDonald 0-0: Ball
1-0: Foul Ball, location: 2F
1-1: Ball
2-1: SOLO HOME RUN (Flyball, 7D, EV 94.4 MPH), Distance : 366 ft
Batting: RHB Jose Zuniga 0-0: Ball
1-0: Foul Ball, location: 2F
1-1: Swinging Strike
1-2: Ball
2-2: SOLO HOME RUN (Flyball, 7LD, EV 93.1 MPH), Distance : 349 ft
Batting: LHB William Gonzales 0-0: Ball
1-0: Swinging Strike
1-1: Ball
2-1: Foul Ball, location: 2F
2-2: Ground out 1-3 (Groundball, 34S, EV 77.5 MPH)
Batting: RHB Rich Griffith 0-0: Ball
1-0: SOLO HOME RUN (Line Drive, 9LD, EV 93.1 MPH), Distance : 344 ft
Batting: RHB Eddie Luna 0-0: Ball
1-0: Ball
2-0: Called Strike
2-1: Ball
3-1: Foul Ball, location: 2F
3-2: SINGLE (Line Drive, 89S, EV 101.2 MPH)
Batting: LHB Yoshihisa Kobayashi 0-0: Foul Ball, location: 2F
0-1: Called Strike
0-2: Ball
1-2: Ball
2-2: SINGLE (Groundball, 56D, EV 98.8 MPH)
Eddie Luna to second
Batting: RHB Victor Rosas 0-0: Foul Ball, location: 2F
0-1: Ball
1-1: Ball
2-1: Ball
3-1: Foul Ball, location: 2F
3-2: SINGLE (Groundball, 6D, EV 94.4 MPH)
Eddie Luna to third
Yoshihisa Kobayashi to second
Runner from 3rd tries for Home, SAFE, throw by CF to home
Batting: RHB Joaquin Salazar 0-0: Called Strike
0-1: Ball
1-1: Ball
2-1: Foul Ball, location: 2F
2-2: Ball
3-2: Strikes out swinging
Batting: RHB Tristan Martin 0-0: Swinging Strike
0-1: Ball
1-1: Foul Ball, location: 2F
1-2: Ball
2-2: Strikes out swinging
Bottom of the 1st over - 4 runs, 6 hits, 0 errors, 2 left on base; Bluefield 5 - Seattle (APP) 4
TOP OF THE 2ND
Bluefield Blue Jays batting - Pitching for Seattle (APP) Mariners : RHP Jayden Ross
Batting: RHB Mark Noftall 0-0: SINGLE (Groundball, P, EV 82.5 MPH) (infield hit)
Batting: RHB Norm Mercer 0-0: Foul Ball, location: 2F
0-1: Ball
1-1: Ball
2-1: Swinging Strike
2-2: Ball
3-2: 2-RUN HOME RUN (Flyball, 78XD, EV 101.2 MPH), Distance : 402 ft
Batting: RHB Chad Colyer 0-0: Foul Ball, location: 2F
0-1: Ball
1-1: Foul Ball, location: 2F
1-2: Foul Ball, location: 2F
1-2: Ball
2-2: Ball
3-2: Base on Balls
Batting: RHB Shunsuke Shiba Inu 0-0: Called Strike
0-1: Called Strike
0-2: Ball
1-2: Strikes out swinging
Batting: RHB Carlos Murillo 0-0: Ball
1-0: SINGLE (Groundball, 6D, EV 94.4 MPH)
Chad Colyer to second
Runner from 2nd tries for 3rd, SAFE, throw by CF made to third
Batting: RHB Benedikt Fleischmann 0-0: Called Strike
0-1: DOUBLE (Groundball, 5L, EV 100.6 MPH)
Chad Colyer scores
Carlos Murillo to third
Batting: LHB Jessie Stewart 0-0: SINGLE (Flyball, 5D, EV 91.2 MPH)
Carlos Murillo scores
Benedikt Fleischmann to third
Pitching: LHP David Reyes
Batting: RHB Cedric Nicholls 0-0: Called Strike
0-1: Swinging Strike
0-2: Ball
1-2: SINGLE (Flyball, 8RS, EV 96.2 MPH)
Benedikt Fleischmann scores
Jessie Stewart to second
Runner from 2nd tries for 3rd, SAFE, throw by CF made to third
Batting: RHB Jake Bronner 0-0: Called Strike
0-1: Swinging Strike
0-2: Ball
1-2: Ball
2-2: Ball
3-2: SINGLE (Groundball, 6MD, EV 98.8 MPH)
Jessie Stewart scores
Cedric Nicholls to second
Runner from 2nd tries for 3rd, OUT! 8-5
Jake Bronner to second
Batting: RHB Mark Noftall 0-0: Ball
1-0: Fly out, F8 (Flyball, 8LS, EV 81.2 MPH)
Top of the 2nd over - 6 runs, 7 hits, 0 errors, 1 left on base; Bluefield 11 - Seattle (APP) 4
BOTTOM OF THE 2ND
Seattle (APP) Mariners batting - Pitching for Bluefield Blue Jays : LHP Zhu Chai
Batting: RHB Carlton McDonald 0-0: Called Strike
0-1: Ball
1-1: Ball
2-1: Foul Ball, location: 2F
2-2: Foul Ball, location: 2F
2-2: Foul Ball, location: 2F
2-2: Foul Ball, location: 2F
2-2: Reached on error, E5 (Groundball, 56, EV 84.4 MPH)
Batting: RHB Jose Zuniga 0-0: Ball
Carlton McDonald is caught stealing 2nd base 2-4
1-0: Ball
2-0: Called Strike
2-1: Ball
3-1: SINGLE (Groundball, 6MD, EV 94.4 MPH)
Batting: LHB William Gonzales 0-0: Ball
1-0: 2-RUN HOME RUN (Flyball, 7LD, EV 91.9 MPH), Distance : 328 ft
Pitching: RHP Jason Hanson
Batting: RHB Rich Griffith 0-0: Ball
1-0: Swinging Strike
1-1: Foul Ball, location: 2F
1-2: Foul Ball, location: 2F
1-2: Ball
2-2: Ball
3-2: Foul Ball, location: 2F
3-2: Fly out, F7 (Flyball, 7S, EV 88.1 MPH)
Batting: RHB Eddie Luna 0-0: Swinging Strike
0-1: Ball
1-1: SINGLE (Groundball, 6MD, EV 98.8 MPH)
Batting: LHB Yoshihisa Kobayashi 0-0: Ball
1-0: Fielders Choice at 2nd, U6 (Groundball, 6M, EV 81.2 MPH)
Bottom of the 2nd over - 2 runs, 3 hits, 1 error, 1 left on base; Bluefield 11 - Seattle (APP) 6
TOP OF THE 3RD
Bluefield Blue Jays batting - Pitching for Seattle (APP) Mariners : LHP David Reyes
Batting: RHB Norm Mercer 0-0: Ball
1-0: Fly out, F7 (Flyball, 78M, EV 93.8 MPH)
Batting: RHB Chad Colyer 0-0: Called Strike
0-1: Ball
1-1: Called Strike
1-2: Ball
2-2: Ball
3-2: Foul Ball, location: 2F
3-2: Strikes out swinging
Batting: RHB Shunsuke Shiba Inu 0-0: Called Strike
0-1: Foul Ball, location: 2F
0-2: Ball
1-2: Ball
2-2: Ball
3-2: Ground out 5-3 (Groundball, 56S, EV 78.1 MPH)
Top of the 3rd over - 0 runs, 0 hits, 0 errors, 0 left on base; Bluefield 11 - Seattle (APP) 6
BOTTOM OF THE 3RD
Seattle (APP) Mariners batting - Pitching for Bluefield Blue Jays : RHP Jason Hanson
Batting: RHB Victor Rosas 0-0: Ball
1-0: Ground out 5-3 (Groundball, 56S, EV 93.1 MPH)
Batting: RHB Joaquin Salazar 0-0: Foul Ball, location: 2F
0-1: Fly out, F9 (Flyball, 9LSF, EV 79.4 MPH)
Batting: RHB Tristan Martin 0-0: Ball
1-0: Foul Ball, location: 2F
1-1: Called Strike
1-2: Foul Ball, location: 2F
1-2: Foul Ball, location: 2F
1-2: SINGLE (Groundball, 4MS, EV 75.0 MPH) (infield hit)
Batting: RHB Carlton McDonald 0-0: Ball
1-0: Ball
2-0: Ball
Wild Pitch!
Tristan Martin to second
3-0: Base on Balls
Batting: RHB Jose Zuniga 0-0: Foul Ball, location: 2F
0-1: Foul Ball, location: 2F
0-2: Ball
1-2: Foul Ball, location: 2F
1-2: Foul Ball, location: 2F
1-2: Ball
2-2: Ball
3-2: Fly out, F4 (Popup, 34S, EV 76.2 MPH)
Bottom of the 3rd over - 0 runs, 1 hit, 0 errors, 2 left on base; Bluefield 11 - Seattle (APP) 6
TOP OF THE 4TH
Bluefield Blue Jays batting - Pitching for Seattle (APP) Mariners : LHP David Reyes
Batting: RHB Carlos Murillo 0-0: Ball
1-0: Swinging Strike
1-1: Ball
2-1: Fly out, F7 (Flyball, 7, EV 75.0 MPH)
Batting: RHB Benedikt Fleischmann 0-0: Ball
1-0: Foul Ball, location: 2F
1-1: Foul Ball, location: 2F
1-2: Strikes out looking
Batting: LHB Jessie Stewart 0-0: SINGLE (Groundball, 56D, EV 104.4 MPH)
Batting: RHB Cedric Nicholls 0-0: Called Strike
0-1: DOUBLE (Line Drive, 89M, EV 97.5 MPH)
Jessie Stewart to third
Runner from 3rd tries for Home, SAFE, throw by RF to home
Batting: RHB Jake Bronner 0-0: Ball
1-0: Fly out, F3 (Line Drive, 3L, EV 66.9 MPH)
Top of the 4th over - 1 run, 2 hits, 0 errors, 1 left on base; Bluefield 12 - Seattle (APP) 6
BOTTOM OF THE 4TH
Seattle (APP) Mariners batting - Pitching for Bluefield Blue Jays : RHP Jason Hanson
Batting: LHB William Gonzales 0-0: Swinging Strike
0-1: Ball
1-1: Fly out, F8 (Flyball, 8RD, EV 86.9 MPH)
Batting: RHB Rich Griffith 0-0: Ball
1-0: Swinging Strike
1-1: Fly out, F9 (Flyball, 9, EV 87.5 MPH)
Batting: RHB Eddie Luna 0-0: Foul Ball, location: 2F
0-1: Ball
1-1: Ball
2-1: Fly out, F8 (Flyball, 8RM, EV 85.0 MPH)
Bottom of the 4th over - 0 runs, 0 hits, 0 errors, 0 left on base; Bluefield 12 - Seattle (APP) 6
TOP OF THE 5TH
Bluefield Blue Jays batting - Pitching for Seattle (APP) Mariners : LHP David Reyes
Batting: RHB Mark Noftall 0-0: Called Strike
0-1: Called Strike
0-2: Ground out 6-3 (Groundball, 6, EV 84.4 MPH)
Batting: RHB Norm Mercer 0-0: Ball
1-0: Ball
2-0: Foul Ball, location: 2F
2-1: Foul Ball, location: 2F
2-2: Ball
3-2: Base on Balls
Pitching: RHP Luis Pantoja
Batting: RHB Chad Colyer 0-0: Ball
1-0: 2-RUN HOME RUN (Flyball, 78XD, EV 110.6 MPH), Distance : 410 ft
Batting: RHB Shunsuke Shiba Inu 0-0: Swinging Strike
0-1: Ball
1-1: Ball
2-1: Ball
3-1: Called Strike
3-2: Base on Balls
Batting: RHB Carlos Murillo 0-0: Ball
1-0: Ball
2-0: Ball
3-0: Called Strike
3-1: Base on Balls
Shunsuke Shiba Inu to second
Batting: RHB Benedikt Fleischmann 0-0: Swinging Strike
0-1: Ball
1-1: Ball
2-1: Ground out U3 (Groundball, 3S, EV 64.4 MPH)
Shunsuke Shiba Inu to third
Carlos Murillo to second
Batting: LHB Jessie Stewart 0-0: Ball
1-0: Ball
2-0: Ball
3-0: Base on Balls
Batting: RHB Cedric Nicholls 0-0: Swinging Strike
0-1: Called Strike
0-2: Ball
1-2: Strikes out swinging
Top of the 5th over - 2 runs, 1 hit, 0 errors, 3 left on base; Bluefield 14 - Seattle (APP) 6
BOTTOM OF THE 5TH
Seattle (APP) Mariners batting - Pitching for Bluefield Blue Jays : RHP Jason Hanson
Batting: LHB Yoshihisa Kobayashi 0-0: Ball
1-0: Called Strike
1-1: Swinging Strike
1-2: Ball
2-2: Strikes out swinging
Batting: RHB Victor Rosas 0-0: Ball
1-0: Ball
2-0: Ball
3-0: Called Strike
3-1: Fly out, F9 (Flyball, 9S, EV 97.5 MPH)
Batting: RHB Joaquin Salazar 0-0: Called Strike
0-1: Ground out 4-3 (Groundball, 4, EV 79.4 MPH)
Bottom of the 5th over - 0 runs, 0 hits, 0 errors, 0 left on base; Bluefield 14 - Seattle (APP) 6
TOP OF THE 6TH
Bluefield Blue Jays batting - Pitching for Seattle (APP) Mariners : RHP Luis Pantoja
Batting: RHB Jake Bronner 0-0: Called Strike
0-1: Ball
1-1: Fly out, F7 (Flyball, 7, EV 84.4 MPH)
Batting: RHB Mark Noftall 0-0: Foul Ball, location: 2F
0-1: Foul Ball, location: 2F
0-2: Foul Ball, location: 2F
0-2: Ball
1-2: Foul Ball, location: 2F
1-2: Ball
2-2: Ball
3-2: Base on Balls
Pitching: RHP Domingo Maldonado
Batting: RHB Norm Mercer 0-0: Called Strike
0-1: Foul Ball, location: 2F
0-2: Ball
1-2: Foul Ball, location: 2F
1-2: Ball
2-2: Fielders Choice at 2nd, 3-6 (Groundball, 3, EV 83.1 MPH)
Batting: RHB Chad Colyer 0-0: Called Strike
0-1: Ball
1-1: Ball
2-1: Ball
3-1: Base on Balls
Norm Mercer to second
Batting: RHB Shunsuke Shiba Inu 0-0: Ball
1-0: Called Strike
1-1: Fly out, F8 (Flyball, 8LM, EV 93.8 MPH)
Top of the 6th over - 0 runs, 0 hits, 0 errors, 2 left on base; Bluefield 14 - Seattle (APP) 6
BOTTOM OF THE 6TH
Seattle (APP) Mariners batting - Pitching for Bluefield Blue Jays : RHP Jason Hanson
Batting: RHB Tristan Martin 0-0: Called Strike
0-1: Foul Ball, location: 2F
0-2: Ball
1-2: Strikes out looking
Batting: RHB Carlton McDonald 0-0: Foul Ball, location: 2F
0-1: Foul Ball, location: 2F
0-2: Fly out, F9 (Line Drive, 8RM, EV 101.2 MPH)
Batting: RHB Jose Zuniga 0-0: Called Strike
0-1: Hit by Pitch
Batting: LHB William Gonzales 0-0: Swinging Strike
0-1: Swinging Strike
0-2: Ball
1-2: Foul Ball, location: 2F
1-2: Ball
2-2: Foul Ball, location: 2F
2-2: Ball
3-2: Foul Ball, location: 2F
3-2: Strikes out swinging
Bottom of the 6th over - 0 runs, 0 hits, 0 errors, 1 left on base; Bluefield 14 - Seattle (APP) 6
TOP OF THE 7TH
Bluefield Blue Jays batting - Pitching for Seattle (APP) Mariners : RHP Domingo Maldonado
Pinch Hitting: SHB Kevin Watson 0-0: Swinging Strike
0-1: Ball
1-1: Foul Ball, location: 2F
1-2: Ball
2-2: Foul Ball, location: 2F
2-2: Foul Ball, location: 2F
2-2: Strikes out looking
Batting: RHB Benedikt Fleischmann 0-0: Ball
1-0: Fly out, F4 (Line Drive, 4, EV 70.6 MPH)
Pinch Hitting: SHB Mike Fermin 0-0: Foul Ball, location: 2F
0-1: Foul Ball, location: 2F
0-2: Ball
1-2: Ground out 4-3 (Groundball, 13, EV 76.2 MPH)
Top of the 7th over - 0 runs, 0 hits, 0 errors, 0 left on base; Bluefield 14 - Seattle (APP) 6
BOTTOM OF THE 7TH
Seattle (APP) Mariners batting - Pitching for Bluefield Blue Jays : RHP Jason Hanson
Pitching: RHP Mitsuaki Okazaki
Now at 1B: Joy-shan Li
Now at 3B: Kevin Watson
Batting: RHB Rich Griffith 0-0: Ball
1-0: Fly out, F7 (Line Drive, 7, EV 101.9 MPH)
Batting: RHB Eddie Luna 0-0: Foul Ball, location: 2F
0-1: Called Strike
0-2: Foul Ball, location: 2F
0-2: Strikes out swinging
Batting: LHB Yoshihisa Kobayashi 0-0: Foul Ball, location: 2F
0-1: Foul Ball, location: 2F
0-2: Ball
1-2: Foul Ball, location: 2F
1-2: Strikes out looking
Bottom of the 7th over - 0 runs, 0 hits, 0 errors, 0 left on base; Bluefield 14 - Seattle (APP) 6
TOP OF THE 8TH
Bluefield Blue Jays batting - Pitching for Seattle (APP) Mariners : RHP Domingo Maldonado
Batting: RHB Cedric Nicholls 0-0: Called Strike
0-1: Fly out, F9 (Flyball, 89M, EV 86.2 MPH)
Batting: RHB Jake Bronner 0-0: Swinging Strike
0-1: Ball
1-1: Foul Ball, location: 2F
1-2: Ball
2-2: Strikes out swinging
Batting: RHB Mark Noftall 0-0: Called Strike
0-1: Foul Ball, location: 2F
0-2: Ball
1-2: Foul Ball, location: 2F
1-2: Ball
2-2: Ball
3-2: Strikes out looking
Top of the 8th over - 0 runs, 0 hits, 0 errors, 0 left on base; Bluefield 14 - Seattle (APP) 6
BOTTOM OF THE 8TH
Seattle (APP) Mariners batting - Pitching for Bluefield Blue Jays : RHP Mitsuaki Okazaki
Batting: RHB Victor Rosas 0-0: Called Strike
0-1: Called Strike
0-2: Foul Ball, location: 2F
0-2: Ball
1-2: Ball
2-2: Fly out, F8 (Flyball, 8LM, EV 88.1 MPH)
Pinch Hitting: RHB Steve Carmichael 0-0: Ball
1-0: Ball
2-0: Ball
3-0: Base on Balls
Pinch Hitting: SHB Frank Amato 0-0: Foul Ball, location: 2F
0-1: Foul Ball, location: 2F
0-2: Ball
1-2: Ball
2-2: Foul Ball, location: 2F
2-2: Ball
Passed Ball!
Steve Carmichael to second
3-2: Ground out 1-3 (Groundball, 13S, EV 64.4 MPH)
Steve Carmichael to third
Batting: RHB Carlton McDonald 0-0: Ball
1-0: 2-RUN HOME RUN (Flyball, 78XD, EV 98.1 MPH), Distance : 393 ft
Batting: RHB Jose Zuniga 0-0: Called Strike
0-1: SOLO HOME RUN (Flyball, 9D, EV 99.4 MPH), Distance : 370 ft
Pitching: LHP Frank Cota
Batting: LHB William Gonzales 0-0: Called Strike
0-1: Swinging Strike
0-2: Ball
1-2: Ball
2-2: Ball
3-2: Fly out, F8 (Flyball, 8RS, EV 90.0 MPH)
Bottom of the 8th over - 3 runs, 2 hits, 0 errors, 0 left on base; Bluefield 14 - Seattle (APP) 9
TOP OF THE 9TH
Bluefield Blue Jays batting - Pitching for Seattle (APP) Mariners : RHP Domingo Maldonado
Pitching: RHP Daniel Villalobos
Now in LF: Steve Carmichael
Now in CF: Garrett Dodge
Batting: RHB Norm Mercer 0-0: Ball
1-0: Foul Ball, location: 2F
1-1: Called Strike
1-2: Foul Ball, location: 2F
1-2: Ground out 4-3 (Groundball, 4, EV 106.9 MPH)
Batting: RHB Chad Colyer 0-0: Ground out 4-3 (Groundball, 4, EV 104.4 MPH)
Batting: RHB Shunsuke Shiba Inu 0-0: Called Strike
0-1: Ball
1-1: Fly out, F7 (Flyball, 7S, EV 82.5 MPH)
Top of the 9th over - 0 runs, 0 hits, 0 errors, 0 left on base; Bluefield 14 - Seattle (APP) 9
BOTTOM OF THE 9TH
Seattle (APP) Mariners batting - Pitching for Bluefield Blue Jays : LHP Frank Cota
Batting: RHB Rich Griffith 0-0: Ball
1-0: Foul Ball, location: 2F
1-1: Ball
2-1: Swinging Strike
2-2: Strikes out swinging
Batting: RHB Eddie Luna 0-0: Swinging Strike
0-1: Called Strike
0-2: Strikes out swinging
Batting: LHB Yoshihisa Kobayashi 0-0: Ball
1-0: Ball
2-0: Swinging Strike
2-1: Foul Ball, location: 2F
2-2: Strikes out swinging
Bottom of the 9th over - 0 runs, 0 hits, 0 errors, 0 left on base; Bluefield 14 - Seattle (APP) 9
Sunday, July 16th , 2023 - OOTP Baseball 24.6 Build 69